AoeStats
← Old Hobo

Arena

504855444Analyzed
3v3 RM · 26d ago on Sep 6, 2026· 31m 23s· 6 players
Game mode
Random Map
Map size
Normal (6 player)
Population
200
Speed
Normal
Resources
Standard
Victory
Conquest
Starting age
Dark Age
Ending age
Imperial Age
RankedLock teamsTeams togetherTeam positionsShared explorationLock speedFull tech treeHidden civsTurbo modeCheats
Victory
Defeat
🇺🇸 Khmer · United States
676
+13
🇨🇴 Huns · Colombia
669
+14
🇬🇧 Chinese · United Kingdom
567
+19
🇩🇪 Britons · Germany
641
-16
🇷🇺 Spanish · Russia
633
-16
🇪🇸 Slavs · Spain
579
-14
Anubis
0:39 Loom
12:28 Feudal Age
17:34 Castle Age
19:12 Fervor
20:20 Sanctity
22:42 Double-Bit Axe
26:27 Gold Mining
26:28 Stone Mining
26:23 Horse Collar
Itsleviosa
13:26 Feudal Age
13:53 Double-Bit Axe
13:50 Horse Collar
14:47 Wheelbarrow
13:59 Loom
22:42 Castle Age
21:09 Gold Mining
21:13 Stone Mining
23:42 Bow Saw
24:10 Gold Shaft Mining
23:38 Heavy Plow
24:59 Hand Cart
28:49 Pikeman
29:29 Squires
34:13 Imperial Age
Heistergand
0:27 Loom
12:06 Feudal Age
18:37 Castle Age
17:45 Double-Bit Axe
17:41 Horse Collar
17:54 Gold Mining
17:54 Stone Mining
18:13 Padded Archer Armor
18:15 Scale Mail Armor
20:35 Bow Saw
20:54 Arson
22:18 Loom
30:21 Wheelbarrow
29:20 Pikeman
g_c_matthews_2000
0:47 Loom
10:13 Feudal Age
10:52 Double-Bit Axe
11:04 Horse Collar
14:32 Wheelbarrow
15:38 Town Watch
18:21 Castle Age
16:52 Gold Mining
17:05 Fletching
17:21 Stone Mining
20:12 Stone Shaft Mining
22:01 Gold Shaft Mining
21:55 Bow Saw
23:20 Heavy Plow
24:34 Ballistics
24:12 Murder Holes
25:08 Squires
25:47 Padded Archer Armor
26:25 Bodkin Arrow
28:11 Hand Cart
28:22 Leather Archer Armor
34:17 Imperial Age
Kamehame
5:35 Loom
15:47 Feudal Age
20:42 Double-Bit Axe
28:09 Castle Age
30:41 Caravan
Old Hobo
1:33 Loom
14:19 Feudal Age
19:48 Castle Age
27:00 Horse Collar
Connection lost

Rejoining the realm…

Still unreachable

The connection could not be restored.

Session expired

The server has moved on; the page needs a fresh start.